 Dungeon Crawl Stone Soup version 0.27-a0-1154-gfdeffcb720 (webtiles) character file.

Game seed: 14478466761626569988

1787 freelancePsychic the Covert (level 9, 0/46 (51) HPs)
             Began as a Kobold Berserker on May 15, 2021.
             Was a Priest of Trog.
             Slain by a wight
             ... wielding a +0 short sword
              (9 damage)
             ... on level 6 of the Dungeon.
             The game lasted 00:14:02 (6087 turns).

freelancePsychic the Covert (Kobold Berserker)      Turns: 6087, Time: 00:14:03

HP:   0/46 (51)     AC:  4    Str: 23    XL:     9   Next: 29%
MP:   9/9           EV: 17    Int:  9    God:    Trog [***...]
Gold: 204           SH:  0    Dex: 14    Spells: 8/8 levels left

rFire    . . .     SeeInvis .   n - +1 dagger (drain)
rCold    . . .     Faith    .   (shield restricted)
rNeg     . . .     Spirit   .   p - +0 leather armour
rPois    .         Reflect  .   v - +0 helmet
rElec    .         Harm     .   (no cloak)
rCorr    .         Rampage  .   (no gloves)
Will     .....                  (no boots)
Stlth    +++++.....             (no amulet)
HPRegen  0.15/turn              k - +6 ring of strength
MPRegen  0.11/turn              (no ring)

@: drained
A: small, no large weapons, nightstalker 3
a: Renounce Religion, Berserk, Trog's Hand


You were on level 6 of the Dungeon.
You worshipped Trog.
Trog was most pleased with you.
You visited 1 branch of the dungeon, and saw 6 of its levels.

You collected 204 gold pieces.

Inventory:

Hand Weapons
 l - a +0 hand crossbow
 n - a +1 dagger of draining (weapon)
 u - a +0 rapier
Missiles
 m - 39 bolts
Armour
 e - a +0 scale mail
 p - a +0 leather armour (worn)
 v - a +0 helmet (worn)
Jewellery
 k - a +6 ring of strength (left hand)
Wands
 s - a wand of iceblast (9)
 w - a wand of polymorph (9)
Scrolls
 a - a scroll of identify {unknown}
 c - 2 scrolls of teleportation {@r4}
 o - a scroll of fear {unknown}
 q - a scroll of vulnerability {unknown}
Potions
 b - a potion of cancellation {unknown}
 d - a potion of ambrosia {unknown}
 f - 3 potions of curing {unknown}
 g - a potion of might {unknown}
 h - 2 potions of degeneration {unknown}
 i - a potion of heal wounds {unknown}
 j - 2 potions of mutation {unknown}
 r - a potion of attraction {unknown}
 t - a potion of magic {unknown}


   Skills:
 - Level 3.2 Fighting
 - Level 10.0 Short Blades
 - Level 1.5 Armour
 + Level 6.8 Dodging
 + Level 10.2 Stealth


You had 8 spell levels left.
You didn't know any spells.
Your spell library was empty.

Dungeon Overview and Level Annotations

Branches:
Dungeon (6/15)             Temple (0/1) D:4

Altars:
Gozag
Ru

Annotations:
D:6 Prince Ribbit


Innate Abilities, Weirdness & Mutations

You are small and have problems with some larger weapons.
You are completely attuned to the shadows.


Message History

The wight hits you with a +0 mace.
You puncture the wight!
You feel the power of Trog in you as your rage grows.
You destroy the wight!
Trog accepts your kill.
You feel a strong urge to attack something.
You are no longer berserk.
You are exhausted.
You feel yourself slow down.
Your skin crawls.
You feel strong-willed. The wight misses you. The wight closely misses you.
The wight hits you with a +0 short sword.
You feel drained. The wight barely misses you.
You see here a bullfrog corpse.
The wight hits you with a +3 dire flail!
* * * LOW HITPOINT WARNING * * *
The wight closely misses you. The wight barely misses you.
The wight hits you with a +0 short sword.
* * * LOW HITPOINT WARNING * * *
You feel the effects of Trog's Hand fading.
The wight closely misses you. The wight closely misses you.
You feel yourself speed up.
The wight hits you with a +3 dire flail!
* * * LOW HITPOINT WARNING * * *
You feel drained.
* * * LOW HITPOINT WARNING * * *
Okay, then.
Your skin stops crawling.
You feel less strong-willed.
There is a stone staircase leading up here.
You recover from your berserk rage.
Prince Ribbit comes into view.
Prince Ribbit gives a loud, deep croak!
Prince Ribbit closely misses you. Prince Ribbit barely misses you.
You hit Prince Ribbit.
Prince Ribbit is lightly wounded.
The wight hits you with a +0 short sword!
You die...

#................†#
..>...............#
#...........#.....#
#..<..#...+.....#
#.#.#.#.### ..
#.#.#.#.# #.#...#..
#.#########
#...zz@F...
###########


You could see Prince Ribbit and 2 wights.

Vanquished Creatures
  Sigmund (D:4)
  2 water moccasins (D:5)
  A black bear (D:5)
  A sky beast (D:5)
  An ogre (D:5)
  A necrophage (D:3)
  2 phantoms
  2 bullfrogs
  A scorpion (D:5)
  A water moccasin skeleton (D:6)
  2 wights (D:6)
  A bullfrog zombie (D:5)
  3 jellies
  A gnoll shaman (D:4)
  2 orc priests
  2 hounds
  2 orc wizards (D:5)
  An iguana (D:6)
  13 gnolls
  A howler monkey skeleton (D:5)
  2 adders
  2 ufetubi (D:4)
  An adder skeleton (D:4)
  A worm (D:3)
  3 dart slugs
  12 orcs
  4 bats
  9 endoplasms
  3 giant cockroaches
  6 hobgoblins
  6 jackals
  A quokka (D:4)
  4 frilled lizards
  6 goblins
  4 kobolds
  4 rats
109 creatures vanquished.

Notes
Turn   | Place    | Note
-------+----------+-------------------------------------------
     0 | D:1      | freelancePsychic the Kobold Berserker began the quest for
                  | the Orb.
     0 | D:1      | Reached XP level 1. HP: 14/14 MP: 1/1
   148 | D:1      | Found a faded altar of an unknown god.
   164 | D:1      | Reached skill level 1 in Stealth
   179 | D:1      | Reached XP level 2. HP: 19/19 MP: 2/2
   714 | D:1      | Reached XP level 3. HP: 23/23 MP: 3/3
   757 | D:1      | Reached skill level 5 in Short Blades
  1013 | D:2      | Reached ** piety under Trog
  1504 | D:2      | Reached XP level 4. HP: 10/28 MP: 4/4
  1966 | D:3      | Found an opulent altar of Gozag.
  2306 | D:2      | Reached XP level 5. HP: 27/32 MP: 5/5
  2846 | D:3      | Found a sacrificial altar of Ru.
  3383 | D:4      | Noticed Sigmund
  3383 | D:4      | Noticed a phantom
  3394 | D:3      | Killed a phantom
  3395 | D:3      | Reached XP level 6. HP: 37/37 MP: 6/6
  3514 | D:4      | Noticed a necrophage
  3526 | D:3      | Killed a necrophage
  3802 | D:4      | Reached skill level 5 in Stealth
  3802 | D:4      | Reached XP level 7. HP: 41/41 MP: 7/7
  3862 | D:4      | Killed Sigmund
  4044 | D:4      | Found a staircase to the Ecumenical Temple.
  4317 | D:5      | Entered Level 5 of the Dungeon
  4490 | D:4      | Reached XP level 8. HP: 46/46 MP: 8/8
  4632 | D:5      | Reached skill level 10 in Short Blades
  5208 | D:5      | Reached skill level 5 in Dodging
  5224 | D:5      | Reached *** piety under Trog
  5318 | D:5      | Reached XP level 9. HP: 38/51 MP: 9/9
  6000 | D:6      | Reached skill level 10 in Stealth
  6083 | D:6      | Noticed Prince Ribbit
  6087 | D:6      | Slain by a wight

Illustrated notes

Levels and vault maps discovered:
D:1:      wander_arrival_lonely_grave, layout_basic,
          hellmonk_ecumenical_altar_pennies_from_heaven
D:2:      layout_rooms
D:3:      layout_loops_corners, general_overflow_altar, lemuel_round_altar,
          grunt_ministairs_9
D:4:      layout_rooms, minmay_temple_entry_mini_moons, uniq_sigmund
D:5:      layout_gridville, mumra_transporter_accident
D:6:      layout_basic, uniq_prince_ribbit1

Skill      XL: |  1  2  3  4  5  6  7  8  9 |
---------------+----------------------------+-----
Stealth        | 1 2 3 4 5 6 9 10 | 10.2
Short Blades   | 5 6 7 8 9 10 | 10.0
Dodging        | 5 6 |  6.8
Fighting       | |  3.2
Armour         | |  1.5

Action                   |  1- 3 |  4- 6 |  7- 9 || total
-------------------------+-------+-------+-------++-------
Melee: Short sword       |    60 |    60 |    21 ||   141
       Dagger            |       |       |   150 ||   150
Invok: Berserk           |     5 |     9 |     8 ||    22
       Trog's Hand       |       |     1 |     4 ||     5
  Use: Scroll            |       |     1 |     3 ||     4
 Stab: Sleeping          |    15 |     3 |    17 ||    35
       Distracted        |       |     2 |       ||     2
Armor: Animal skin       |     6 |       |       ||     6
       Scale mail        |       |     8 |    16 ||    24
       Leather armour    |       |       |    12 ||    12
Dodge: Dodged            |    30 |    38 |    88 ||   156

Table legend: (Time is in decaauts)
 A = Elapsed time spent in this place.
 B = Non-inter-level travel time spent in this place.
 C = Inter-level travel time spent in this place.
 D = Time resting spent in this place.
 E = Time spent auto-exploring this place.
 F = Levels seen in this place.
 G = Mean time per level.
                   A        B        C        D        E       F      G
               +--------+--------+--------+--------+--------+-----+--------+
         Total |   6221 |   6038 |    183 |   1815 |   3369 |   6 | 1036.8 |
       Dungeon |   6221 |   6038 |    183 |   1815 |   3369 |   6 | 1036.8 |
               +--------+--------+--------+--------+--------+-----+--------+

Top non-repeatable levels by time:
     D:3: 1438 daAuts
     D:2: 1343 daAuts
     D:5: 1278 daAuts
     D:4: 1170 daAuts
     D:1: 888 daAuts
     D:6: 102 daAuts
